 Dungeon Crawl Stone Soup version 0.17.0-57-g0e89251 (webtiles) character file.

2171 homeworkjunkie the Chopper (level 9, -2/79 HPs)
             Began as a Hill Orc Fighter on Dec 8, 2015.
             Was a Priest of Okawaru.
             Slain by a killer bee (8 damage)
             ... on level 7 of the Dungeon.
             The game lasted 00:13:08 (5382 turns).

homeworkjunkie the Chopper (Hill Orc Fighter)       Turns: 5382, Time: 00:13:08

Health: -2/79      AC: 11    Str: 20    XL:     9   Next: 32%
Magic:  11/11      EV:  9    Int:  8    God:    Okawaru [***...]
Gold:   274        SH:  0    Dex: 12    Spells: 0 memorised, 8 levels left

rFire  . . .     SeeInvis +     a - +1 war axe (drain)
rCold  . . .     Clarity  .     b - +0 scale mail
rNeg   . . .     SustAt   .     c - +0 shield
rPois  +         Gourm    .     (no helmet)
rElec  .         Spirit   .     d - +1 cloak
rCorr  .         Warding  .     (no gloves)
rMut   .         Stasis   +     o - +0 pair of boots
MR     .....                    p - amulet of stasis
Stlth  ..........               A - ring of see invisible
                                f - ring of poison resistance

@: confused, lethally poisoned (-2 -> -8), drained, not resistant to hostile
enchantments, extremely unstealthy
A: no striking features
a: Heroism, Renounce Religion


You were on level 7 of the Dungeon.
You worshipped Okawaru.
Okawaru was most pleased with you.
You were not hungry.

You visited 2 branches of the dungeon, and saw 8 of its levels.

You collected 274 gold pieces.

Inventory:

Hand Weapons
 a - a +1 war axe of draining (weapon)
Missiles
 y - 4 tomahawks (quivered)
Armour
 b - a +0 scale mail (worn)
 c - a +0 shield (worn)
 d - a +1 cloak (worn)
 o - a +0 pair of boots (worn)
Jewellery
 f - a ring of poison resistance (left hand)
 j - an uncursed ring of protection from fire
 m - an uncursed ring of protection from magic
 p - an amulet of stasis (around neck)
 A - a ring of see invisible (right hand)
Wands
 h - a wand of cold (0)
 n - a wand of digging (20)
Scrolls
 t - a scroll of remove curse
 v - a scroll of immolation
Potions
 i - 2 potions of mutation
 k - a potion of haste
 q - 2 potions of magic
 r - 2 potions of brilliance {unknown}
 s - a potion of ambrosia
 u - a potion of flight {unknown}
 z - a potion of resistance {unknown}
 C - a potion of degeneration {unknown}
Comestibles
 g - 2 bread rations
 w - 4 fruits
 x - a meat ration


   Skills:
 * Level 7.1(6.7) Fighting
 * Level 7.4(6.9) Axes
 * Level 6.4(5.9) Armour
 + Level 2.4(2.0) Dodging
 * Level 3.4(3.0) Stealth
 * Level 6.7(6.2) Shields
 * Level 2.8(2.3) Evocations


You had 8 spell levels left.
You didn't know any spells.

Dungeon Overview and Level Annotations

Branches:
Dungeon (7/15)             Temple (1/1) D:6

Altars:
Ashenzari
Fedhas
Gozag
Makhleb
Nemelex Xobeh
Okawaru
Sif Muna
Xom
Yredelemnul
Zin


Message History

The killer bee poisons you!
The killer bee stings you but does no damage.
You miss the killer bee. You closely miss the killer bee.
You feel sick. The killer bee barely misses you. The killer bee stings you.
* * * LOW HITPOINT WARNING * * *
The killer bee barely misses you. x2
The killer bee stings you!
* * * LOW HITPOINT WARNING * * *
The killer bee barely misses you.
You feel sick. The killer bee stings you.
* * * LOW HITPOINT WARNING * * *
The killer bee stings you.
* * * LOW HITPOINT WARNING * * *
The killer bee stings you.
* * * LOW HITPOINT WARNING * * *
The killer bee closely misses you.
You see here a killer bee corpse.
The killer bee stings you but does no damage.
The killer bee stings you!
You die...

.....#
#.....#.........#
..
#.....#.........#
#.....#.........#
#.....#'####...##
#####.....##...#
#.....#.†..#
#†....#....#
+.y...#....#
#.y@..#....#
#)))..#....#
#..)).######
###.........
#.........
#.........
#.........
#.........
#.........


You could see 2 killer bees.

Vanquished Creatures
  2 sky beasts
  A centaur (D:6)
  A black bear (D:6)
  3 ice beasts
  An ogre (D:7)
  A big kobold (D:7)
  A giant frog (D:5)
  A scorpion (D:5)
  5 wights (D:7)
  3 killer bees (D:7)
  3 crimson imps (D:5)
  A giant frog zombie (D:5)
  3 orc priests
  An iguana (D:5)
  7 orc wizards
  2 hounds
  A jelly (D:6)
  5 worker ants
  A killer bee zombie (D:5)
  A hound skeleton (D:7)
  8 adders
  A shadow imp (D:5)
  4 oozes
  2 worms
  2 adder skeletons
  4 giant geckos
  25 orcs
  A ball python (D:2)
  9 bats
  3 hobgoblins
  6 jackals
  3 quokkas
  4 giant cockroaches
  A giant gecko skeleton (D:6)
  7 giant newts
  7 goblins
  A jackal skeleton (D:4)
  12 kobolds
  5 rats
149 creatures vanquished.

Notes
Turn   | Place    | Note
--------------------------------------------------------------
     0 | D:1      | homeworkjunkie the Hill Orc Fighter began the quest for the Orb.
     0 | D:1      | Reached XP level 1. HP: 19/19 MP: 1/1
    77 | D:1      | Reached XP level 2. HP: 20/27 MP: 2/2
   276 | D:2      | Found a faded altar to an unknown god.
   282 | D:2      | Reached skill level 1 in Stealth
   428 | D:2      | Reached XP level 3. HP: 22/33 MP: 3/3
   656 | D:2      | Reached skill level 4 in Fighting
  1285 | D:2      | Found a deep blue altar of Sif Muna.
  1380 | D:2      | Reached XP level 4. HP: 40/40 MP: 4/4
  1747 | D:3      | Found a sparkling altar of Nemelex Xobeh.
  2001 | D:4      | Reached skill level 1 in Dodging
  2001 | D:4      | Reached XP level 5. HP: 43/46 MP: 5/5
  2056 | D:3      | Found a shimmering altar of Xom.
  2523 | D:5      | Entered Level 5 of the Dungeon
  2569 | D:4      | Found an iron altar of Okawaru.
  2586 | D:4      | Noticed a sky beast
  2588 | D:4      | Found a shattered altar of Ashenzari.
  2625 | D:4      | Killed a sky beast
  2625 | D:4      | Reached XP level 6. HP: 15/55 MP: 6/6
  2628 | D:4      | Became a worshipper of Warmaster Okawaru
  2908 | D:5      | Reached skill level 5 in Fighting
  3600 | D:5      | Reached XP level 7. HP: 52/61 MP: 7/7
  3750 | D:5      | Reached skill level 5 in Axes
  3805 | D:5      | Reached * piety under Okawaru
  3815 | D:5      | Reached skill level 1 in Evocations
  3835 | D:5      | Noticed an ice beast
  3836 | D:5      | Found a blossoming altar of Fedhas.
  3847 | D:5      | Killed an ice beast
  3847 | D:5      | Reached skill level 5 in Armour
  3847 | D:5      | Reached skill level 5 in Shields
  4230 | D:5      | Noticed a sky beast
  4236 | D:5      | Killed a sky beast
  4325 | D:5      | Reached XP level 8. HP: 70/70 MP: 9/9
  4478 | D:6      | Found a staircase to the Ecumenical Temple.
  4486 | Temple   | Entered the Ecumenical Temple
  4501 | D:6      | Reached skill level 6 in Fighting
  4504 | D:6      | Reached ** piety under Okawaru
  5177 | D:7      | Reached XP level 9. HP: 58/78 MP: 10/10
  5194 | D:7      | Reached *** piety under Okawaru
  5200 | D:7      | Reached skill level 7 in Axes
  5381 | D:7      | HP: 2/79 [killer bee (6)]
  5382 | D:7      | Slain by a killer bee

Action                   |  1- 3 |  4- 6 |  7- 9 || total
-------------------------+-------+-------+-------++-------
Melee: War axe           |   156 |   147 |   190 ||   493
Throw: Tomahawk          |       |       |     4 ||     4
Evoke: Wand              |       |     2 |     7 ||     9
  Use: Potion            |     1 |     1 |     6 ||     8
       Scroll            |     4 |     8 |     5 ||    17
  Eat: Bread ration      |     1 |       |     1 ||     2
       Meat ration       |     1 |       |       ||     1
       Beef jerky        |       |     1 |       ||     1
